 Dungeon Crawl Stone Soup version 0.32-a0-666-ge8a88695a4 (webtiles) character file.

Game seed: 15054231996666536901

116 Sabo the Charlatan (level 5, -15/38 HPs)
             Began as a Coglin Artificer on Mar 10, 2024.
             Demolished by Menkaure (17 damage)
             ... on level 4 of the Dungeon.
             The game lasted 00:18:51 (3613 turns).

Sabo the Charlatan (Coglin Artificer)               Turns: 3613, Time: 00:18:52

Health: -15/38     AC: 17    Str: 14    XL:     5   Next: 0%
Magic:  5/5        EV:  7    Int: 11    God:
Gold:   145        SH:  0    Dex: 14    Spells: 4/4 levels left

rFire   + + +        k - +0 war axe {Ulrich}
rCold   . . .        t - +0 mace {Luoqocrawki}
rNeg    + . .        s - +7 chain mail of the True Pharaoh {-Cast rElec rPois rF+++}
rPois   +            (no helmet)
rElec   +            (no cloak)
rCorr   .            b - +1 pair of gloves "Vufoejim" {Rampage rF+ rN+}
SInv    .            (no boots)
Will    .....        (amulet unavailable) Stlth
                     (ring unavailable)
HPRegen 0.26/turn    (ring unavailable)
MPRegen 0.09/turn    (no gizmo)

%: no spellcasting, rampage
@: revved
A: off-hand wielding, slow wielding, warmup strikes, no jewellery
a: Invent Gizmo


You were on level 4 of the Dungeon.
You visited 1 branch of the dungeon, and saw 4 of its levels.

You collected 173 gold pieces.
You spent 28 gold pieces at shops.

Inventory:

Hand Weapons
 k - a +0 war axe (weapon) {Ulrich}
 t - a +0 mace (offhand) {Luoqocrawki}
Missiles
 n - 8 poisoned darts (quivered)
Armour
 b - the +1 pair of gloves "Vufoejim" (worn) {Rampage rF+ rN+}
   (You acquired it on level 3 of the Dungeon)

   rF+:       It protects you from fire.
   rN+:       It protects you from negative energy.
   Rampage:   It bestows one free step when moving towards enemies.
 s - the +7 chain mail of the True Pharaoh (worn) {-Cast rElec rPois rF+++}
   (You found it on level 3 of the Dungeon)

   rF+++:     It renders you almost immune to fire.
   rElec:     It insulates you from electricity.
   rPois:     It protects you from poison.
   -Cast:     It prevents spellcasting.
Wands
 c - a wand of flame (15)
 d - a wand of charming (15)
 e - a wand of iceblast (5)
Scrolls
 g - a scroll of fear
 l - a scroll of blinking
 m - 2 scrolls of revelation
 p - a scroll of teleportation
Potions
 a - a potion of haste {unknown}
 f - 2 potions of curing {unknown}
 h - 2 potions of invisibility {unknown}
 i - a potion of heal wounds {unknown}
 j - a potion of mutation {unknown}
 o - 3 potions of enlightenment


   Skills:
 + Level 1.8 Fighting
 + Level 0.8 Short Blades
 + Level 2.2 Axes
 + Level 0.2(1.2) Maces & Flails
 + Level 2.1 Armour
 + Level 1.4 Dodging
 + Level 0.9 Stealth
 + Level 5.0 Evocations


You had 4 spell levels left.
You didn't know any spells.
Your spell library contained the following spells:

 Spells                   Type           Power      Damage    Failure   Level
 Ozocubu's Armour         Ice            0%         N/A       100%        3
 Metabolic Englaciation   Hex/Ice        0%         N/A       100%        5
 Sculpt Simulacrum        Ice/Alch       0%         N/A       100%        6


Dungeon Overview and Level Annotations

Branches:
Dungeon (4/15)
 Temple: D:4-7

Altars:
Wu Jian

Shops:
D:3 ?

Annotations:
D:3 3 runed translucent doors, seaoflcl's ghost, amateur HuFi
D:4 Menkaure


Innate Abilities, Weirdness & Mutations

You can wield a second weapon in your off-hand.
It takes a long time for you to wield or remove held weapons.
Your first few attacks do less damage.
You cannot equip rings or amulets.


Message History

There is an open door here.
There is an open door here.
You drop 2 potions of lignification.
There is a stone staircase leading down here.
You climb downwards.
There is a stone staircase leading up here.
You hit the endoplasm with your +0 mace.
The endoplasm is almost dead.
You slash the endoplasm with your +0 war axe!
You kill the endoplasm!
You have reached level 5!
Found a potion of enlightenment.
o - 3 potions of enlightenment (gained 1) Menkaure, Prince of Dust comes into view.
Menkaure shouts!
Menkaure calls on the powers of darkness!
Your body is wracked with pain!
Menkaure calls on the powers of darkness!
Your body is wracked with pain!
Menkaure calls on the powers of darkness!
Your body is wracked with pain!
* * * LOW HITPOINT WARNING * * *
Found a club and 5 gold pieces.
Menkaure gestures wildly while chanting.
Menkaure seems to speed up.
Found 6 stones.
Menkaure points at you and mumbles some strange words.
Pain shoots through your body!
* * * LOW HITPOINT WARNING * * *
You barely miss Menkaure with your +0 war axe.
You hit Menkaure with your +0 mace. Menkaure hits you but does no damage.
Menkaure barely misses you.
You barely miss Menkaure with your +0 mace.
Menkaure is moderately damaged.
You hit Menkaure with your +0 war axe. Menkaure hits you.
* * * LOW HITPOINT WARNING * * *
You hit Menkaure with your +0 war axe.
Menkaure is heavily damaged.
You hit Menkaure with your +0 mace. Menkaure hits you!
You die...

..$.#. ......
...... ......#
(......##
........##
.......M.## #
.......@..## ##..
##...).##..###....
###..# ##........
### ###......##
##......###
##.......##
##.........##
##.......<...#
#............#


You could see Menkaure (fast).

Vanquished Creatures
  3 adders (D:2)
  2 ribbon worms (D:2)
  10 dart slugs
  8 endoplasms
  A giant cockroach (D:2)
  3 hobgoblins
  4 jackals (D:3)
  6 quokkas
  3 ball pythons
  5 bats
  3 frilled lizards
  4 goblins
  7 kobolds
  A rat (D:1)
60 creatures vanquished.

Notes
Turn   | Place    | Note
-------+----------+-------------------------------------------
     0 | D:1      | Sabo the Coglin Artificer began the quest for the Orb.
     0 | D:1      | Reached XP level 1. HP: 15/15 MP: 1/1
   219 | D:1      | Reached XP level 2. HP: 15/21 MP: 2/2
   831 | D:1      | Reached skill level 5 in Evocations
   933 | D:2      | Reached XP level 3. HP: 14/26 MP: 3/3
   999 | D:2      | Reached skill level 1 in Axes
  1090 | D:2      | Reached skill level 1 in Dodging
  1422 | D:2      | Found an ornate altar of the Wu Jian Council.
  1433 | D:2      | Reached XP level 4. HP: 16/32 MP: 4/4
  2135 | D:3      | Identified the +7 chain mail of the True Pharaoh {-Cast
                  | rElec rPois rF+++}
  2578 | D:3      | Found a runed translucent gate.
  2579 | D:3      | Found a runed translucent gate.
  2579 | D:3      | Found a runed translucent gate.
  2582 | D:3      | Noticed seaoflcl's ghost (amateur HuFi)
  2635 | D:3      | Found Fysubon's Magic Scroll Shoppe.
  2672 | D:3      | Bought a scroll of identify for 28 gold pieces
  2849 | D:3      | Identified a scroll of acquirement
  2853 | D:3      | Acquired the +1 pair of gloves "Vufoejim" {Rampage rF+ rN+}
  3013 | D:3      | Found a faded altar of an unknown god.
  3554 | D:4      | Reached XP level 5. HP: 38/38 MP: 5/5
  3604 | D:4      | Noticed Menkaure
  3613 | D:4      | Demolished by Menkaure

Illustrated notes

Levels and vault maps discovered:
D:1:      mrwooster_arrival_statue_2, layout_loops_ring
D:2:      layout_rooms, basic_altar, minivault_25
D:3:      kennysheep_slugbush, layout_basic, gammafunk_ghost_necromancy,
          basic_ecumenical_altar, serial_shops, shop
D:4:      layout_cave_pods, uniq_menkaure

Skill      XL: |  1  2  3  4 |
---------------+-------------+-----
Evocations     | 5 |  5.0
Axes           | 1 2 |  2.2
Dodging        | 1 |  1.4
Armour         | 2 |  2.1
Fighting       | |  1.8
Short Blades   | |  0.8
Maces & Flails | |  0.2
Stealth        | |  0.9

Action                     |  1- 3 |  4- 6 || total
---------------------------+-------+-------++-------
  Melee: Club              |    25 |       ||    25
         Short sword       |    83 |    38 ||   121
         Dagger            |     7 |       ||     7
         War axe           |    70 |    55 ||   125
         Mace              |       |    11 ||    11
    Use: Scroll            |       |     9 ||     9
 Armour: Leather armour    |     5 |       ||     5
         Skin              |     4 |       ||     4
         Ring mail         |    70 |    35 ||   105
         Chain mail        |       |    31 ||    31
  Dodge: Dodged            |    75 |    41 ||   116

Table legend: (Time is in decaauts)
 A = Elapsed time spent in this place.
 B = Non-inter-level travel time spent in this place.
 C = Inter-level travel time spent in this place.
 D = Time resting spent in this place.
 E = Time spent auto-exploring this place.
 F = Levels seen in this place.
 G = Mean time per level.
                   A        B        C        D        E       F      G
               +--------+--------+--------+--------+--------+-----+--------+
         Total |   3684 |   3684 |      0 |    671 |      0 |   4 |  921.0 |
       Dungeon |   3684 |   3684 |      0 |    671 |      0 |   4 |  921.0 |
               +--------+--------+--------+--------+--------+-----+--------+

Top non-repeatable levels by time:
     D:3: 1465 daAuts
     D:2: 1223 daAuts
     D:1: 934 daAuts
     D:4: 61 daAuts
